 Dungeon Crawl Stone Soup version 0.28.0-1-gb440e238dd (webtiles) character file.

Game seed: 4965001054926361362

39 themarg the Caller (level 3, -2/24 HPs)
             Began as a Merfolk Summoner on Feb 25, 2022.
             Slain by an adder (3 damage)
             ... on level 2 of the Dungeon.
             The game lasted 00:05:58 (2167 turns).

themarg the Caller (Merfolk Summoner)               Turns: 2167, Time: 00:05:59

Health: -2/24      AC:  2    Str:  8    XL:     3   Next: 45%
Magic:  3/7        EV: 12    Int: 16    God:
Gold:   93         SH:  0    Dex: 14    Spells: 3/7 levels left

rFire   . . .      SeeInvis .   g - +0 spear
rCold   . . .      Faith    .   (no shield)
rNeg    . . .      Spirit   .   a - +0 robe
rPois   .          Reflect  .   (no helmet)
rElec   .          Harm     .   (no cloak)
rCorr   .          Rampage  .   (no gloves)
Will    .....                   (no boots)
Stlth   ++........              (no amulet)
HPRegen 0.08/turn               (no ring)
MPRegen 0.10/turn               (no ring)

@: lethally poisoned (-2 -> -3)
A: (nimble swimmer 2), mertail
a: no special abilities


You were on level 2 of the Dungeon.
You visited 1 branch of the dungeon, and saw 2 of its levels.

You collected 93 gold pieces.

Inventory:

Hand Weapons
 g - a +0 spear (weapon)
Armour
 a - a +0 robe (worn)
Scrolls
 b - 2 scrolls of teleportation {unknown}
 c - 5 scrolls of identify {unknown}
 d - a scroll of fog {unknown}
 f - 2 scrolls of immolation {unknown}
Potions
 e - a potion of degeneration {unknown}


   Skills:
 + Level 0.5 Polearms
 + Level 2.7 Dodging
 + Level 2.2 Stealth
 + Level 2.8 Spellcasting
 + Level 4.5 Summonings


You had 3 spell levels left.
You knew the following spells:

 Your Spells              Type           Power      Damage    Failure   Level
a - Summon Small Mammal   Summ           64%        N/A       3%          1
b - Call Canine Familiar  Summ           16%        N/A       9%          3

Your spell library contained the following spells:

 Spells                   Type           Power      Damage    Failure   Level
 Call Imp                 Summ           16%        N/A       4%          2
 Summon Guardian Golem    Hex/Summ       9%         N/A       22%         3
 Summon Lightning Spire   Summ/Air       9%         N/A       58%         4


Dungeon Overview and Level Annotations

Branches:
Dungeon (2/15)

Altars:
Kikubaaqudgha


Innate Abilities, Weirdness & Mutations

((You are very nimble when in or above water. (Stealth+, EV+, Speed+++)))
Your lower body shifts to a powerful aquatic tail in water.


Message History

Your rat dies!
Your rat's corpse disappears in a puff of smoke!
Casting: Summon Small Mammal (safe; 3% risk of failure)
Confirm with . or Enter, or press ? or * to list all spells.
You feel sick.
You are no longer poisoned.
The adder bites your rat.
Your rat misses the adder. The adder barely misses your rat.
Your rat barely misses the adder.
The adder bites your rat. The adder closely misses your rat.
Your rat closely misses the adder.
The adder bites your rat.
Your rat dies!
Your rat's corpse disappears in a puff of smoke!
Casting: Summon Small Mammal (safe; 3% risk of failure)
Confirm with . or Enter, or press ? or * to list all spells.
The spell is quite dangerous to miscast (9% risk of failure)!
Continue anyway?
Your rat bites the adder.
You swap places.
Your rat barely misses the adder.
Reach: g) +0 spear
Press: ? - help, Dir - move target, f - adder
Aim: an adder (moderately wounded, ally target, about 58% to evade your +0 spear)
You reach to attack!
You barely miss the adder.
The adder is moderately wounded.
Your hound barely misses the adder.
Your hound bites the adder.
You closely miss the adder.
The adder is almost dead.
The adder closely misses you.
Your hound barely misses the adder.
The adder bites you.
* * * LOW HITPOINT WARNING * * *
You are lethally poisoned!
The adder poisons you!
Your rat barely misses the adder.
* * * LOW HITPOINT WARNING * * *
You feel sick.
Your hound barely misses the adder.
* * * LOW HITPOINT WARNING * * *
You feel sick.
You hit the adder.
The adder is almost dead.
* * * LOW HITPOINT WARNING * * *
You feel sick.
Your hound barely misses the adder.
The adder bites you.
You die...

#### ..# ### #.#
#####.. ##.##
#...#.. ###...####
#.#....
##......#.###...#..
#...r....#.###.##..
##@Sh...#.## #.####
#.#...##.# ##.# #
...##.###.# #..# #
#.....#.# #.# #.##
........# #.# #.#
........# #.# #.#
######+### #.# #.#
#.# #.# #.###.#####


You could see an adder (ally target), a friendly hound (summoned) and a friendly
rat (summoned).

Vanquished Creatures
  An adder (D:2)
  A ball python (D:2)
  2 endoplasms (D:1)
  A quokka (D:1)
  A rat (D:2)
6 creatures vanquished.

Vanquished Creatures (collateral kills)
  A dart slug (D:1)
  A ball python (D:2)
  A bat (D:2)
  2 endoplasms (D:1)
  A giant cockroach (D:1)
  A goblin (D:2)
  3 jackals (D:2)
  3 kobolds
  A quokka (D:2)
  A frilled lizard (D:2)
  4 rats
19 creatures vanquished.

Grand Total: 25 creatures vanquished

Notes
Turn   | Place    | Note
-------+----------+-------------------------------------------
     0 | D:1      | themarg the Merfolk Summoner began the quest for the Orb.
     0 | D:1      | Reached XP level 1. HP: 13/13 MP: 3/3
   645 | D:1      | Reached XP level 2. HP: 17/19 MP: 0/5
  1710 | D:2      | Reached XP level 3. HP: 19/24 MP: 4/7
  1888 | D:2      | Learned a level 3 spell: Call Canine Familiar
  1972 | D:2      | Found an ancient bone altar of Kikubaaqudgha.
  2167 | D:2      | HP: 1/24 [poisoned by an adder]
  2167 | D:2      | Slain by an adder

Illustrated notes

Levels and vault maps discovered:
D:1:      heliophobic_arrival_ceremonial_halls, layout_loops_ring
D:2:      layout_loops_ring, basic_altar, shapermc_ecumenical_altar_notcrosses

Action                   || total
-------------------------++-------
Melee: Unarmed           ||     4
       Dagger            ||    13
       Spear             ||    21
 Cast: Summon Small Mamm ||    49
       Call Canine Famil ||     1
Armor: Robe              ||     8
Dodge: Dodged            ||    23
